 Dungeon Crawl Stone Soup version 0.30.1-11-g7821555f0a (webtiles) character file.

Game seed: 3149941022882614982

39 Arctor the Ruffian (level 3, -6/29 HPs)
             Began as a Draconian Transmuter on Jan 9, 2024.
             Killed by miscasting Spider Form (11 damage)
             ... on level 2 of the Dungeon.
             The game lasted 00:01:18 (1014 turns).

Arctor the Ruffian (Draconian Transmuter)           Turns: 1014, Time: 00:01:18

Health: -6/29      AC:  5    Str: 12    XL:     3   Next: 28%
Magic:  1/6        EV: 12    Int: 15    God:
Gold:   74         SH:  0    Dex: 11    Spells: 2/6 levels left

rFire   . .          .
                       - Unarmed
rCold   . . .        (no shield)
rNeg    . . .        (body armour unavailable)
rPois   .            (helmet restricted)
rElec   .            (no cloak)
rCorr   .            (no gloves)
SInv    .            (no boots)
Will    .....        (no amulet)
Stlth   +            (no ring)
HPRegen 0.24/turn    (no ring)
MPRegen 0.10/turn

%: no passive effects
@: lethally poisoned (-6 -> -10), very slightly contaminated
A: AC +5, unfitting armour, cold-blooded
a: no special abilities


You were on level 2 of the Dungeon.
You visited 1 branch of the dungeon, and saw 2 of its levels.

You collected 74 gold pieces.

Inventory:

Scrolls
 b - a scroll of enchant armour {unknown}
 d - a scroll of magic mapping {unknown}
Potions
 a - a potion of lignification
 c - a potion of brilliance {unknown}


   Skills:
 + Level 1.8 Fighting
 + Level 2.1 Dodging
 + Level 3.3 Unarmed Combat
 + Level 2.3 Spellcasting
 + Level 2.4 Transmutations


You had 2 spell levels left.
You knew the following spells:

 Your Spells              Type           Power      Damage    Failure   Level
a - Beastly Appendage     Tmut           18%        N/A       8%          1
b - Spider Form           Tmut/Pois      5%         N/A       36%         3

Your spell library contained the following spells:

 Spells                   Type           Power      Damage    Failure   Level
 Wereblood                Tmut           9%         N/A       12%         2
 Ice Form                 Ice/Tmut       5%         N/A       78%         4


Dungeon Overview and Level Annotations

Branches:
Dungeon (2/15)

Altars:

Shops:
D:1 (


Innate Abilities, Weirdness & Mutations

Your plain brown scales are hard. (AC +5)
You cannot fit into any form of body armour.
You are cold-blooded and may be slowed by cold attacks.


Message History

The adder completely misses you. The adder closely misses you.
The adder attacks as you move away! The adder misses you.
You kill the adder!
Okay, then.
An adder comes into view.
Your transformation is almost over.
The adder hisses angrily.
You hear a shout!
A hobgoblin comes into view.
You completely miss the adder. The hobgoblin closely misses you.
The adder bites you.
* * * LOW HITPOINT WARNING * * *
You closely miss the adder. The giant cockroach closely misses you.
The adder misses you. The hobgoblin misses you. The giant cockroach misses you.
The hobgoblin attacks as you move away! The hobgoblin completely misses you.
Found an emerald potion.
The adder completely misses you.
The giant cockroach attacks as you move away!
The giant cockroach barely misses you. The adder misses you. x2
The giant cockroach attacks as you move away!
The giant cockroach bites you but does no damage.
The hobgoblin attacks as you move away! The hobgoblin closely misses you.
The adder attacks as you move away! The adder bites you.
* * * LOW HITPOINT WARNING * * *
The giant cockroach attacks as you move away!
The giant cockroach closely misses you.
Your transformation has ended.
The adder closely misses you.
The giant cockroach bites you but does no damage.
The adder attacks as you move away! The adder barely misses you.
The adder bites you.
* * * LOW HITPOINT WARNING * * *
Casting: Spider Form (extremely dangerous; 36% risk of failure)
Confirm with . or Enter, or press ? or * to list all spells.
The spell is extremely dangerous to miscast (36% risk of failure)!
Continue anyway? [Y]es or [N]o only, please.
The spell is extremely dangerous to miscast (36% risk of failure)!
Continue anyway?
You miscast Spider Form.
You are very lightly contaminated with residual magic.
You feel odd!
You are poisoned.
You die...

.. .## ###.#
....## #
#.#..######
#.#.#.......#
#.#.#.g.....#
#..........g####
###.##..g.gBS@.#
#.##.....###.#
#.##....## ...
#g##....# #....
#!####### ......
#.# ...... #g#
..... #.# .....
###.#


You could see 3 gnolls, an adder, a giant cockroach and a hobgoblin.

Vanquished Creatures
  An adder (D:2)
  A dart slug (D:1)
  3 bats (D:1)
  2 endoplasms (D:1)
  2 giant cockroaches (D:1)
  4 goblins (D:1)
  2 hobgoblins (D:1)
  2 ball pythons (D:1)
  5 frilled lizards (D:1)
  3 kobolds (D:1)
  3 rats (D:1)
28 creatures vanquished.

Notes
Turn   | Place    | Note
-------+----------+-------------------------------------------
     0 | D:1      | Arctor the Draconian Transmuter began the quest for the
                  | Orb.
     0 | D:1      | Reached XP level 1. HP: 16/16 MP: 3/3
   108 | D:1      | Reached XP level 2. HP: 21/23 MP: 3/5
   484 | D:1      | Found Ryboll's Weapon Emporium.
   607 | D:1      | Reached XP level 3. HP: 29/29 MP: 2/6
   741 | D:1      | Learned a level 3 spell: Spider Form
  1014 | D:2      | Killed by miscasting Spider Form

Illustrated notes

Levels and vault maps discovered:
D:1:      minmay_arrival_checkered_box, layout_loops_cross, serial_shops,
          nicolae_shop_hallway_stairs
D:2:      layout_basic, chequers_ecumenical_altar_lobes, st_stairs_13

Skill      XL: |  1  2 |
---------------+-------+-----
Dodging        | 2 |  2.1
Fighting       | |  1.8
Unarmed Combat | |  3.3
Spellcasting   | |  2.3
Transmutations | |  2.4

Action                     || total
---------------------------++-------
  Melee: Unarmed           ||    83
         Kick              ||    15
         Headbutt          ||     6
         Tailslap          ||     6
         Punch             ||     2
   Cast: Beastly Appendage ||    22
         Spider Form       ||     1
 Armour: Skin              ||    47
  Dodge: Dodged            ||    99
